 Dungeon Crawl Stone Soup version 0.24-a0-583-g87330a484a (webtiles) character file.

Game seed: 12238736600789884685, levelgen mode: deterministic

802 Gynju the Shield-Bearer (level 8, -2/62 HPs)
             Began as a Formicid Fighter on Aug 28, 2019.
             Slain by Edmund
             ... wielding a +4 flail of crushing
              (4 damage)
             ... on level 5 of the Dungeon.
             The game lasted 00:11:10 (4728 turns).

Gynju the Shield-Bearer (Formicid Fighter)          Turns: 4728, Time: 00:11:11

Health: -2/62      AC: 11    Str: 23    XL:     8   Next: 14%
Magic:  8/8        EV:  7    Int:  8    God:
Gold:   247        SH: 10    Dex: 10    Spells: 7/7 levels left

rFire    . . .     SeeInvis +   a - +0 war axe
rCold    . . .     Gourm    .   c - +0 shield
rNeg     . . .     Faith    .   n - +0 chain mail
rPois    .         Spirit   .   (helmet unavailable)
rElec    .         Reflect  .   p - +0 cloak
rCorr    .         Harm     .   (no gloves)
MR       .....                  (no boots)
Stlth    ..........             (no amulet)
HPRegen  0.20/turn              (no ring)
MPRegen  0.11/turn              (no ring)

@: no status effects
A: permanent stasis, dig shafts and tunnels, four strong arms, antennae 3
a: Dig, Shaft Self


You were on level 5 of the Dungeon.
You were near starving.

You visited 1 branch of the dungeon, and saw 5 of its levels.

You collected 247 gold pieces.

Inventory:

Hand Weapons
 a - a +0 war axe (weapon)
Armour
 c - a +0 shield (worn)
 n - a +0 chain mail (worn)
 p - a +0 cloak (worn)
Jewellery
 e - a +5 ring of evasion {unknown}
 o - an uncursed ring of ice {unknown}
 v - an uncursed amulet of regeneration {unknown}
Scrolls
 b - a scroll of fog {unknown}
 i - 5 scrolls of identify {unknown}
 j - 6 scrolls of remove curse {unknown}
 k - 2 scrolls of teleportation {unknown}
 m - 3 scrolls of blinking {unknown}
 q - a scroll of enchant weapon {unknown}
 r - a scroll of random uselessness {unknown}
 w - a scroll of immolation {unknown}
Potions
 d - a potion of might
 g - a potion of lignification {unknown}
 h - a potion of brilliance {unknown}
 l - 3 potions of curing {unknown}
 s - 2 potions of agility {unknown}
 t - 2 potions of magic {unknown}
Comestibles
 f - 11 rations


   Skills:
 + Level 5.2 Fighting
 * Level 5.7 Axes
 + Level 5.2 Armour
 + Level 5.9 Shields


You had 7 spell levels left.
You didn't know any spells.
Your spell library was empty.

Dungeon Overview and Level Annotations

Branches:
Dungeon (5/15)
 Temple: D:4-7

Altars:

Annotations:
D:5 Edmund


Innate Abilities, Weirdness & Mutations

You cannot be hasted, slowed, berserked, paralysed or teleported.
You can dig through walls and to a lower floor.
Your four strong arms can wield two-handed weapons with a shield.
You have a pair of large antennae on your head. (SInv)


Message History

The hound is moderately wounded.
You hit Edmund. The hound barely misses you. x2
Edmund hits you with a +4 flail of crushing.
* * * LOW HITPOINT WARNING * * *
x2 The hound bites you but does no damage.
You barely miss the hound.
The hound is moderately wounded.
You slash Edmund! You block the hound's attack.
Edmund hits you with a +4 flail of crushing.
* * * LOW HITPOINT WARNING * * *
x2 Your shield and chain mail prevent you from hitting the hound.
The hound is moderately wounded.
You barely miss Edmund. The hound bites you but does no damage.
You block the hound's attack. Edmund barely misses you.
You slash the hound!
The hound is almost dead.
You barely miss Edmund. You block the hound's attack.
Edmund hits you with a +4 flail of crushing!
* * * LOW HITPOINT WARNING * * *
You die...

.###.## .## ...#..#
.#....### .#..#.#
........# .##...#
###........#
.##...###..........####.
#...........##........
#...........##........
###.........#.##@....%..
#.$...##.[.##.#.@...##.
...........##.#.h.......
.##......#.....?........
# #.......)<...........#
#...#................#
#.....[..............#
#........##.........##.
......#...............#
...........#...........


You could see Edmund and a hound.

Vanquished Creatures
  Sigmund (D:3)
  A scorpion (D:5)
  A crimson imp (D:5)
  An orc priest (D:2)
  A bullfrog skeleton (D:4)
  A gnoll shaman (D:4)
  Crazy Yiuf (D:2)
  4 orc wizards
  4 worker ants
  5 gnolls (D:4)
  10 adders
  An ooze (D:2)
  An adder zombie (D:5)
  A worm (D:2)
  3 leopard geckos
  20 orcs
  5 bats
  4 giant cockroaches
  9 goblins
  6 hobgoblins
  2 jackals (D:2)
  2 quokkas
  3 ball pythons
  3 frilled lizards
  6 kobolds
  A leopard gecko skeleton (D:4)
  2 quokka zombies (D:5)
  11 rats
110 creatures vanquished.

Notes
Turn   | Place    | Note
-------+----------+-------------------------------------------
     0 | D:1      | Gynju the Formicid Fighter began the quest for the Orb.
     0 | D:1      | Reached XP level 1. HP: 18/18 MP: 1/1
   136 | D:1      | Reached XP level 2. HP: 18/24 MP: 2/2
   778 | D:1      | Reached XP level 3. HP: 29/29 MP: 3/3
  1140 | D:2      | Reached XP level 4. HP: 37/37 MP: 4/4
  1363 | D:2      | Reached XP level 5. HP: 42/42 MP: 5/5
  1933 | D:2      | Found a runed translucent door.
  1934 | D:2      | Noticed Crazy Yiuf
  1939 | D:2      | Killed Crazy Yiuf
  2414 | D:3      | Reached XP level 6. HP: 48/48 MP: 6/6
  2535 | D:3      | Found a faded altar of an unknown god.
  2535 | D:3      | Noticed Sigmund
  2544 | D:3      | Killed Sigmund
  2544 | D:3      | Reached skill level 5 in Shields
  3114 | D:4      | Reached XP level 7. HP: 50/55 MP: 7/7
  3605 | D:4      | Reached skill level 5 in Axes
  3920 | D:5      | Entered Level 5 of the Dungeon
  3941 | D:5      | Reached skill level 5 in Fighting
  3941 | D:5      | Reached skill level 5 in Armour
  4117 | D:5      | Reached XP level 8. HP: 48/62 MP: 8/8
  4711 | D:5      | Noticed Edmund
  4728 | D:5      | HP: 2/62 [Edmund/+4 flail of crushing (12)]
  4728 | D:5      | Slain by Edmund

Levels and vault maps discovered:
D:1:      minmay_arrival_shattered_statue, layout_basic
D:2:      cheibrodos_pilgrimage, layout_loops_ring, chequers_arboretum,
          uniq_crazy_yiuf_cottage
D:3:      layout_basic, chequers_ecumenical_altar_simple_redux, st_stairs_11,
          dk_vineyard_2, uniq_sigmund
D:4:      layout_basic
D:5:      layout_rooms, minmay_temple_entry_glass, serial_shops,
          kennysheep_mini, first_ration, uniq_edmund, uniq_menkaure

Skill      XL: |  1  2  3  4  5  6  7 |
---------------+----------------------+-----
Shields        | 4 5 |  5.9
Axes           | 3 4 5 |  5.7
Fighting       | 4 5 |  5.2
Armour         | 4 5 |  5.2

Action                   |  1- 3 |  4- 6 |  7- 9 || total
-------------------------+-------+-------+-------++-------
Melee: War axe           |    72 |   166 |   158 ||   396
  Eat: Chunk             |       |     7 |     4 ||    11
Armor: Scale mail        |    38 |    19 |       ||    57
       Chain mail        |       |    88 |    96 ||   184
Dodge: Dodged            |    27 |    60 |    56 ||   143
Block: Shield            |    43 |   113 |    99 ||   255

Table legend:
 A = Non-vault XP
 B = Vault XP
 C = Vault XP percentage of total XP
 D = Non-vault monster count
 E = Vault monster count
 F = Vault count percentage of total count
                 A         B        C        D         E       F
            +---------+---------+-------+---------+---------+-------
      Total |     823 |     324 |  28.2 |      99 |      11 |  10.0
            +---------+---------+-------+---------+---------+-------
        D:1 |      30 |       0 |   0.0 |      19 |       0 |   0.0
        D:2 |      91 |      95 |  51.1 |      23 |       7 |  23.3
        D:3 |      47 |     229 |  83.0 |      15 |       4 |  21.1
        D:4 |     337 |       0 |   0.0 |      24 |       0 |   0.0
        D:5 |     318 |       0 |   0.0 |      18 |       0 |   0.0
            +---------+---------+-------+---------+---------+-------
